 Dungeon Crawl Stone Soup version 0.30-a0-782-ge64f9170bb (webtiles) character file.

Game seed: 16874992936078853546

816 HoaS the Ruffian (level 7, -4/70 HPs)
             Began as a Troll Gladiator on Mar 8, 2023.
             Slain by an iguana (12 damage)
             ... on level 6 of the Dungeon.
             The game lasted 00:08:41 (3514 turns).

HoaS the Ruffian (Troll Gladiator)                  Turns: 3514, Time: 00:08:42

Health: -4/70      AC:  6    Str: 23    XL:     7   Next: 62%
Magic:  6/6        EV: 11    Int:  4    God:
Gold:   1366       SH:  0    Dex: 13    Spells: 6/6 levels left

rFire   . . .      SeeInvis .      - Unarmed
rCold   . . .      Faith    .    (no shield)
rNeg    + . .      Spirit   .    t - +2 robe of the Sky {Fly rN+}
rPois   .          Reflect  .    b - +0 hat
rElec   .          Harm     .    (no cloak)
rCorr   .          Rampage  .    (gloves unavailable)
Will    ++...                    (boots unavailable)
Stlth   +                        (no amulet)
HPRegen 1.11/turn                j - ring of willpower
MPRegen 0.10/turn                s - ring of willpower

@: flying
A: large, unfitting armour, claws 3, regeneration 1, shaggy fur 1, tough skin 1
a: no special abilities


You were on level 6 of the Dungeon.
You visited 1 branch of the dungeon, and saw 6 of its levels.

You collected 1366 gold pieces.

Inventory:

Missiles
 c - 3 throwing nets (quivered)
 d - a large rock
 g - 6 poisoned darts
 p - a boomerang
Armour
 b - a +0 hat (worn)
 t - the +2 robe of the Sky (worn) {Fly rN+}
   (You found it on level 4 of the Dungeon)

   rN:        It protects you from negative energy.
   Fly:       It grants you flight.
Jewellery
 j - a ring of willpower (left claw)
 n - a ring of ice
 s - a ring of willpower (right claw)
Wands
 o - a wand of flame (8)
 r - a wand of iceblast (10)
Scrolls
 l - a scroll of identify
 m - 3 scrolls of teleportation
 q - a scroll of fear
Potions
 e - 2 potions of resistance
 f - 8 potions of curing
 h - a potion of haste
 i - 2 potions of berserk rage
 k - 3 potions of attraction


   Skills:
 * Level 4.1 Fighting
 + Level 3.3 Throwing
 * Level 4.5 Dodging
 * Level 5.4 Unarmed Combat


You had 6 spell levels left.
You didn't know any spells.
Your spell library contained the following spells:

 Spells                   Type           Power      Damage    Failure   Level
 Shock                    Conj/Air       0%         1d3       50%         1
 Ensorcelled Hibernation  Hex/Ice        0%         N/A       65%         2
 Passwall                 Tmut/Erth      0%         N/A       65%         2
 Swiftness                Air            0%         N/A       86%         3
 Airstrike                Air            0%         2d(0-16)  99%         4


Dungeon Overview and Level Annotations

Branches:
Dungeon (6/15)
 Temple: D:4-7

Altars:
Ashenzari
Ru
Sif Muna
Wu Jian
The Shining One


Innate Abilities, Weirdness & Mutations

You are too large for most types of armour.
You have claws for hands.
Your natural rate of healing is unusually fast.
You are covered in fur. (AC +1)
You have tough skin. (AC +1)


Message History

The iguana bites you! Something hits you but does no damage.
You barely miss the iguana.
The iguana is moderately wounded.
The iguana bites you. Something hits you.
You scratch the iguana.
The iguana is heavily wounded.
The iguana closely misses you. Something hits you.
You barely miss the iguana.
The iguana is heavily wounded.
The iguana closely misses you. Something hits you but does no damage.
You miss something. You closely miss something.
Something hits you but does no damage. The iguana barely misses you.
You scratch something. The iguana bites you.
Something hits you but does no damage.
You miss something. The iguana bites you!
Something hits you but does no damage.
You closely miss something. Something hits you but does no damage.
The iguana closely misses you.
You barely miss something. The iguana closely misses you.
Something hits you but does no damage.
You closely miss something. The iguana bites you. Something hits you.
You closely miss something. The iguana misses you.
Something hits you but does no damage.
You miss something. The iguana closely misses you. Something barely misses you.
You scratch something. The iguana misses you. Something hits you.
You scratch something but do no damage. You miss something.
The iguana bites you. Something hits you.
You barely miss something. The iguana bites you.
* * * LOW HITPOINT WARNING * * *
You hear some strange, mumbled words.
A magic dart appears from out of thin air!
The magic dart hits you!
* * * LOW HITPOINT WARNING * * *
You miss something. The iguana closely misses you. Something hits you.
* * * LOW HITPOINT WARNING * * *
You mangle something!!
Reactivating autopickup.
You feel a bit more experienced. The iguana bites you!
You die...

#... #. #...##
#..###....
.#...#.!. .......#
#.....#######
#.....#.....##
#...l...###..######
#...@)#.#
##......###
#..)).#.#
######....
............# #####
##....##..#.# ####.
##..... ## #.#....
### ..##### #.. .#
..#


You could see an iguana.

Vanquished Creatures
  A centaur (D:5)
  A phantom (D:5)
  3 scorpions (D:5)
  A jelly (D:5)
  3 orc priests
  2 hounds
  Ijyb (D:3)
  2 orc wizards
  4 gnolls (D:4)
  11 adders
  A shadow imp (D:5)
  2 ufetubi
  2 worms
  A dart slug (D:1)
  8 orcs
  5 ball pythons
  4 endoplasms
  4 giant cockroaches
  8 goblins
  9 hobgoblins
  8 jackals
  2 quokkas
  4 bats
  5 frilled lizards
  6 kobolds
  4 rats
102 creatures vanquished.

Notes
Turn   | Place    | Note
-------+----------+-------------------------------------------
     0 | D:1      | HoaS the Troll Gladiator began the quest for the Orb.
     0 | D:1      | Reached XP level 1. HP: 19/19 MP: 0/0
   117 | D:1      | Reached XP level 2. HP: 25/28 MP: 1/1
   357 | D:1      | Found a faded altar of an unknown god.
   541 | D:2      | Reached XP level 3. HP: 28/35 MP: 2/2
   629 | D:2      | Reached XP level 4. HP: 44/44 MP: 3/3
  1412 | D:3      | Noticed Ijyb
  1417 | D:3      | Found a sacrificial altar of Ru.
  1423 | D:3      | Killed Ijyb
  1426 | D:3      | Reached skill level 4 in Unarmed Combat
  1426 | D:3      | Reached XP level 5. HP: 23/50 MP: 4/4
  1628 | D:3      | Found an ornate altar of the Wu Jian Council.
  1628 | D:3      | Found a shimmering blue altar of Sif Muna.
  1629 | D:3      | Found a broken altar of Ashenzari.
  1800 | D:3      | Found a glowing golden altar of the Shining One.
  1944 | D:4      | Identified a scroll of acquirement
  1944 | D:4      | Acquired 549 gold pieces
  1976 | D:4      | Reached XP level 6. HP: 54/61 MP: 5/5
  2290 | D:4      | Identified the +2 robe of the Sky {Fly rN+}
  2628 | D:5      | Entered Level 5 of the Dungeon
  2815 | D:5      | Reached XP level 7. HP: 67/67 MP: 6/6
  2839 | D:5      | Acquired 445 gold pieces
  2896 | D:5      | Reached skill level 5 in Unarmed Combat
  3514 | D:6      | Slain by an iguana

Illustrated notes

Levels and vault maps discovered:
D:1:      dpeg_arrival_orchard, layout_rooms, ebering_ecumenical_altar_hall
D:2:      layout_loops_ring, minmay_misc_feat_diagonals, minmay_heptomino_o4
D:3:      layout_rooms, mainiacjoe_overflow_brackets,
          mainiacjoe_overflow_catwalk,
          chequers_temple_overflow_statue_of_worship, uniq_ijyb
D:4:      layout_loops_ring, kennysheep_generic_room_10
D:5:      layout_basic, nicolae_eternal_life, dk_noncrumbling_3, corner_web_ring
D:6:      layout_rooms, makhleb_heckhound_becter,
          minmay_fractal_squares_diagonal_5

Skill      XL: |  1  2  3  4  5  6  7 |
---------------+----------------------+-----
Fighting       | 2 3 4 |  4.1
Throwing       | 2 3 |  3.3
Dodging        | 3 4 |  4.5
Unarmed Combat | 4 5 |  5.4

Action                     |  1- 3 |  4- 6 |  7- 9 || total
---------------------------+-------+-------+-------++-------
  Melee: Unarmed           |    89 |   181 |    50 ||   320
         Punch             |     2 |     3 |       ||     5
    Use: Scroll            |     3 |    10 |     3 ||    16
   Stab: Sleeping          |       |     1 |       ||     1
 Armour: Robe              |    21 |    53 |    21 ||    95
  Dodge: Dodged            |    32 |   104 |    30 ||   166

Table legend: (Time is in decaauts)
 A = Elapsed time spent in this place.
 B = Non-inter-level travel time spent in this place.
 C = Inter-level travel time spent in this place.
 D = Time resting spent in this place.
 E = Time spent auto-exploring this place.
 F = Levels seen in this place.
 G = Mean time per level.
                   A        B        C        D        E       F      G
               +--------+--------+--------+--------+--------+-----+--------+
         Total |   3490 |   3232 |    258 |    222 |   2289 |   6 |  581.7 |
       Dungeon |   3490 |   3232 |    258 |    222 |   2289 |   6 |  581.7 |
               +--------+--------+--------+--------+--------+-----+--------+

Top non-repeatable levels by time:
     D:4: 796 daAuts
     D:5: 741 daAuts
     D:2: 723 daAuts
     D:3: 653 daAuts
     D:1: 499 daAuts
     D:6: 76 daAuts
